Map: Ice and Chrome LE

Players

SpeCial

  • Race: Terran Terran
  • League: Master
  • Spawn Location: 1:00

Cham - Winner!

  • Race: Zerg Zerg
  • League: Grandmaster
  • Spawn Location: 7:00

Event: DreamHack SC2 Masters 2020 Fall

VOD

Have the link to the VOD?

Description

Time

  • Played on: Aug. 29, 2020, 4:55 p.m.
  • Length: 15:56

All games in this series

Show
View Real Time Build Order
Export as new Build Order

SpeCial Terran 

Build Orders: Reaper Expand 

Get SALT Encoding   

  12  0:00  SCV  
  13  0:12  SCV  
  14  0:17  Supply Depot  
  14  0:24  SCV  
  15  0:39  SCV  
  15  0:41  Barracks  
  16  0:44  Refinery  
  16  0:51  SCV  
  17  1:03  SCV  
  18  1:15  SCV  
  19  1:28  Reaper, Orbital Command  
  20  1:39  Command Center  
  20  1:48  Supply Depot  
  20  1:54  SCV  
  20  2:00  Marine  
  22  2:04  Factory  
  22  2:06  SCV  
  23  2:18  SCV  
  23  2:20  Refinery  
  24  2:23  Barracks Reactor  
  24  2:30  SCV  
  25  2:42  SCV  
  26  2:54  Orbital Command, Starport  
  26  2:55  SCV  
  27  3:07  SCV  
  27  3:08  Command Center  
  30  3:13  Hellion  
  30  3:15  Hellion  
  30  3:18  Marine  
  33  3:20  SCV  
  33  3:23  SCV  
  35  3:34  Supply Depot  
  35  3:35  Fusion Core  
  35  3:38  Hellion  
  37  3:42  Hellion  
  37  3:43  SCV  
  37  3:45  SCV  
  37  3:47  Barracks Tech Lab  
  41  3:55  SCV  
  42  3:57  SCV  
  42  3:59  Supply Depot  
  43  4:13  Hellion  
  43  4:14  SCV x2, Hellion  
  49  4:22  Battlecruiser  
  55  4:25  Orbital Command  
  56  4:31  SCV x2  
  56  4:35  Hellion  
  56  4:36  Hellion  
  60  4:43  SCV x2  
  62  4:45  Supply Depot  
  62  4:54  Orbital Command  
  62  4:56  SCV, Hellion  
  62  4:58  Hellion  
  67  5:04  SCV  
  68  5:07  Refinery  
  68  5:08  SCV, Refinery, Factory  
  68  5:10  Supply Depot, Factory  
  69  5:16  SCV  
  69  5:17  Hellion  
  69  5:19  Hellion, Barracks Tech Lab  
  69  5:20  SCV  
  69  5:21  SCV  
  76  5:24  Armory  
  76  5:32  SCV  
  76  5:34  SCV  
  78  5:39  Hellion  
  78  5:41  Hellion  
  78  5:42  SCV  
  83  5:44  SCV  
  83  5:46  SCV  
  85  5:54  SCV  
  85  5:56  SCV  
  87  5:58  SCV  
  87  6:00  Hellion  
  87  6:02  Hellion  
  87  6:03  Supply Depot  
  92  6:06  SCV  
  92  6:09  Supply Depot  
  93  6:17  Factory  
  93  6:18  Factory  
  93  6:25  SCV x2, Cyclone x2  
  101  6:26  SCV  
  101  6:29  Hellion  
  101  6:30  Hellion  
  87  6:40  SCV x2  
  87  6:44  Terran Vehicle Weapons Level 1  
  82  6:48  SCV  
  82  6:50  Engineering Bay  
  82  6:52  SCV x2  
  78  6:57  Cyclone x2  
  78  7:00  SCV  
  71  7:02  Widow Mine x2  
  71  7:04  SCV x2, Factory Reactor, Factory Tech Lab  
  77  7:12  SCV  
  77  7:14  Supply Depot  
  78  7:16  SCV x2, Missile Turret  
  78  7:17  Missile Turret  
  78  7:18  Missile Turret  
  78  7:22  Infernal Pre-Igniter  
  80  7:24  SCV  
  80  7:28  SCV x2  
  83  7:30  Cyclone x2  
  83  7:32  Hellion  
  83  7:35  Hellion  
  83  7:37  SCV  
  94  7:40  SCV  
  94  7:42  Hellion x2  
  99  7:44  Refinery  
  99  7:45  Refinery  
  99  7:46  SCV  
  99  7:49  SCV  
  101  7:53  SCV  
  101  7:58  Hellion x2  
  106  8:00  SCV  
  105  8:08  SCV x2  
  105  8:11  Supply Depot, Cyclone x3  
  116  8:17  SCV  
  117  8:24  Armory  
  117  8:25  SCV x2  
  119  8:31  Command Center, Widow Mine x2  
  119  8:32  Hellion  
  119  8:33  Hellion  
  127  8:37  Supply Depot  
  127  8:39  Supply Depot  
  127  8:40  SCV x2  
  127  8:41  SCV  
  130  8:43  Cyclone  
  130  8:45  Supply Depot  
  133  8:52  Siege Tank  
  133  8:56  SCV x2  
  133  8:59  SCV, Siege Tank  
  137  9:08  SCV x2  
  131  9:11  SCV  
  131  9:14  Hellion x2  
  131  9:15  Siege Tank  
  131  9:17  Mag-Field Accelerator  
  131  9:20  SCV x2  
  131  9:23  SCV  
  129  9:24  Siege Tank  
  129  9:26  Terran Vehicle Weapons Level 2, Terran Vehicle And Ship Armor Level 1  
  134  9:31  Hellion  
  134  9:33  Sensor Tower  
  134  9:36  Hellion  
  134  9:37  Siege Tank  
  139  9:38  Hellion x2  
  139  9:47  SCV x2  
  139  9:48  Hellion  
  145  9:53  Hellion  
  145  9:56  Siege Tank  
  145  9:57  Hellion  
  154  10:00  Hellion x2  
  154  10:02  SCV  
  154  10:04  SCV  
  154  10:05  Planetary Fortress  
  156  10:17  Hellion x2, Missile Turret  
  156  10:19  Siege Tank  
  163  10:27  Factory  
  163  10:28  Factory  
  163  10:29  Supply Depot x2  
  163  10:30  Hellion x2  
  163  10:33  Supply Depot  
  163  10:34  Supply Depot  
  163  10:35  SCV, Refinery x2  
  168  10:40  SCV  
  169  10:47  Hellion, Siege Tank x2  
  169  10:49  Medivac, Hellion  
  171  10:56  Siege Tank  
  174  10:58  Hellion  
  176  11:08  Hellion, Command Center  
  176  11:09  Hellion  
  176  11:10  Command Center  
  176  11:11  Hellion  
  180  11:19  Hellion, Siege Tank  
  180  11:21  Siege Tank  
  180  11:22  Terran Vehicle And Ship Armor Level 2  
  180  11:24  Factory Tech Lab x2  
  188  11:29  Hellion  
  188  11:30  Hellion  
  188  11:32  Hellion  
  192  11:36  Siege Tank  
  192  11:37  Starport Reactor  
  191  11:40  Hellion  
  191  11:45  Siege Tank x2  
  199  12:01  Command Center, Factory  
  199  12:02  Command Center  
  199  12:15  Hellion  
  199  12:33  Hellion  
  199  12:34  Hellion  
  199  12:35  Siege Tank x2  
  196  12:37  Hellion x2, Cyclone  
  196  12:39  Hellion  
  196  12:40  Siege Tank  
  194  12:54  Hellion  
  194  12:55  Hellion  
  199  12:58  Hellion x2  
  199  12:59  Terran Vehicle Weapons Level 3  
  195  13:07  Siege Tank x2  
  195  13:08  Hellion  
  195  13:09  Hellion  
  195  13:11  Orbital Command  
  186  13:20  Thor  
  186  13:21  Hellion x2  
  186  13:22  Hellion  
  186  13:25  Hellion  
  181  13:29  Orbital Command, Thor  
  181  13:30  Orbital Command, Thor  
  184  13:37  Missile Turret  
  184  13:38  Widow Mine  
  184  13:39  Thor x2  
  184  13:42  Hellion, Widow Mine  
  178  13:51  Hellion x2  
  160  14:03  Hellion, Cyclone  
  161  14:11  Liberator  
  161  14:12  Cyclone  
  161  14:13  Thor  
  161  14:19  Widow Mine  
  161  14:22  Thor x2  
  144  14:32  Hellion x2  
  144  14:33  Hellion  
  137  14:40  Widow Mine  
  131  14:49  Hellion  
  122  15:02  Cyclone  
  122  15:03  Hellbat x2  
  108  15:09  Hellion x2  
  103  15:15  Hellion  
  103  15:17  Hellion  
  99  15:27  Hellion  
Show
View Real Time Build Order
Export as new Build Order

Cham Zerg - Winner!

Build Orders: Hatch First, Muta Ling Bane 

Get SALT Encoding   

  12  0:00  Drone  
  13  0:08  Drone  
  14  0:17  Overlord  
  14  0:35  Drone x2  
  16  0:46  Hatchery  
  15  0:50  Drone  
  15  0:54  Drone  
  17  0:58  Drone  
  18  1:08  Extractor  
  17  1:13  Spawning Pool  
  17  1:15  Drone  
  17  1:19  Drone  
  18  1:30  Drone  
  19  1:42  Drone  
  20  1:52  Overlord  
  20  1:59  Queen x2  
  20  2:00  Zergling x2  
  26  2:01  Zergling x2  
  26  2:11  Drone  
  26  2:12  Drone  
  26  2:13  Metabolic Boost  
  28  2:23  Drone x2  
  30  2:36  Hatchery  
  28  2:39  Drone  
  28  2:40  Drone  
  30  2:46  Queen  
  32  2:56  Overlord  
  32  2:59  Zergling x4  
  32  3:00  Drone  
  35  3:09  Drone  
  35  3:12  Overlord  
  36  3:15  Drone  
  36  3:16  Drone x3  
  40  3:21  Queen  
  40  3:22  Drone  
  43  3:32  Drone x2  
  45  3:35  Overlord  
  45  3:41  Drone x3  
  47  3:42  Zergling x6  
  47  3:47  Baneling Nest  
  47  3:48  Overlord  
  50  3:55  Overlord  
  50  4:00  Drone x3  
  50  4:02  Queen  
  53  4:05  Drone  
  53  4:07  Drone  
  57  4:12  Drone  
  57  4:13  Drone x3  
  61  4:17  Queen  
  61  4:23  Drone x2  
  65  4:24  Spore Crawler  
  65  4:27  Overlord, Drone  
  65  4:35  Drone x2  
  65  4:36  Overlord, Drone x2  
  65  4:38  Drone  
  70  4:39  Drone x2  
  70  4:44  Lair  
  72  4:48  Drone  
  72  4:49  Drone x3  
  72  4:50  Extractor  
  72  4:51  Overlord  
  75  4:57  Baneling x2  
  75  4:58  Zergling x6, Baneling  
  75  4:59  Zergling x2  
  79  5:00  Zergling x2  
  79  5:02  Drone  
  79  5:06  Spore Crawler  
  80  5:07  Spore Crawler x2  
  80  5:09  Spore Crawler  
  80  5:10  Drone  
  80  5:11  Drone x2  
  80  5:13  Extractor  
  79  5:15  Drone, Extractor  
  79  5:16  Drone  
  79  5:17  Overlord  
  79  5:18  Drone  
  79  5:20  Drone  
  81  5:22  Baneling  
  81  5:23  Drone x2  
  81  5:25  Drone  
  81  5:26  Spore Crawler  
  83  5:40  Drone x6  
  89  5:44  Spire  
  89  5:46  Queen x2  
  88  5:51  Drone  
  88  5:52  Drone x3  
  88  5:53  Centrifical Hooks  
  88  5:55  Extractor  
  88  5:56  Extractor  
  89  5:58  Zergling x2  
  89  6:01  Roach Warren  
  89  6:07  Overlord  
  89  6:09  Hatchery  
  88  6:11  Overlord  
  88  6:12  Zergling x2  
  88  6:13  Zergling x2  
  88  6:14  Zergling x2, Overseer  
  88  6:16  Zergling x4  
  93  6:25  Zergling x4  
  94  6:30  Drone  
  94  6:32  Zergling x4  
  95  6:36  Baneling x3  
  95  6:37  Baneling  
  95  6:41  Roach x3  
  95  6:42  Roach  
  95  6:46  Roach  
  95  7:06  Mutalisk  
  95  7:07  Mutalisk x3  
  103  7:08  Mutalisk  
  103  7:09  Mutalisk x2  
  103  7:12  Drone x2  
  103  7:13  Drone x2  
  103  7:14  Drone x2  
  109  7:17  Mutalisk  
  109  7:19  Hatchery  
  109  7:20  Mutalisk  
  112  7:28  Mutalisk  
  114  7:31  Drone x2  
  114  7:33  Drone  
  117  7:38  Mutalisk  
  117  7:40  Extractor  
  117  7:41  Drone  
  117  7:42  Drone x2  
  117  7:43  Extractor  
  120  7:44  Overlord, Drone  
  120  7:45  Overlord  
  120  7:49  Hatchery, Overlord x2  
  120  7:52  Overlord  
  118  7:59  Glial Reconstitution  
  118  8:01  Overlord, Evolution Chamber  
  118  8:03  Evolution Chamber  
  116  8:07  Roach x2  
  116  8:08  Drone x7  
  116  8:09  Drone  
  128  8:14  Drone x3  
  128  8:16  Drone  
  128  8:19  Drone  
  131  8:21  Drone x3  
  131  8:26  Overlord  
  134  8:30  Corruptor x2  
  134  8:31  Corruptor  
  140  8:36  Roach x4  
  140  8:37  Spore Crawler  
  140  8:38  Roach  
  140  8:39  Overlord  
  151  8:41  Roach  
  151  8:44  Roach x2  
  151  8:46  Roach  
  151  8:48  Roach  
  157  8:55  Roach  
  157  8:58  Roach x3  
  148  9:03  Roach  
  148  9:04  Roach  
  148  9:06  Corruptor x2  
  139  9:10  Roach  
  139  9:12  Roach  
  137  9:18  Roach x2  
  137  9:19  Drone x2  
  131  9:24  Ravager x2  
  131  9:25  Ravager x4  
  131  9:28  Zerg Melee Weapons Level 1, Zerg Ground Armor Level 1  
  131  9:31  Zergling x4, Ravager x3  
  140  9:32  Zergling x2  
  140  9:38  Drone x4  
  145  9:39  Drone x2  
  145  9:40  Zergling x2  
  145  9:43  Overlord  
  145  9:45  Roach  
  152  9:46  Overseer  
  152  9:48  Queen x3  
  152  9:49  Queen  
  162  9:54  Roach x3  
  162  9:55  Zergling x4, Roach  
  162  9:56  Ravager x2  
  162  9:57  Zergling x4  
  162  9:59  Overlord  
  174  10:01  Baneling x5  
  174  10:02  Zergling x2  
  174  10:03  Zergling x4  
  174  10:04  Zergling x4  
  179  10:08  Drone  
  179  10:10  Infestation Pit  
  179  10:15  Drone x4  
  179  10:17  Extractor  
  179  10:18  Extractor  
  181  10:23  Drone x2  
  181  10:24  Zergling x2, Drone  
  181  10:25  Zergling x4  
  187  10:29  Hatchery, Baneling x2  
  187  10:30  Baneling x10  
  187  10:32  Zergling x8  
  187  10:33  Zergling x4  
  192  10:35  Evolution Chamber  
  192  10:41  Zergling x2  
  184  10:51  Drone x2  
  184  10:52  Spine Crawler  
  184  10:53  Corruptor x4  
  184  10:55  Spine Crawler, Drone x4  
  191  11:02  Drone x6  
  193  11:09  Hive  
  193  11:12  Zergling x2  
  193  11:13  Zergling x12  
  197  11:23  Pneumatized Carapace  
  194  11:35  Spine Crawler  
  194  11:37  Spine Crawler, Drone x2  
  194  11:39  Ravager x3  
  193  11:40  Pathogen Glands  
  193  11:41  Zerg Missile Weapons Level 1  
  193  11:43  Spine Crawler  
  193  11:44  Zergling x2, Spine Crawler, Evolution Chamber  
  193  11:46  Zergling x4  
  193  11:47  Zergling x8  
  195  11:52  Zergling x2  
  198  11:55  Overlord  
  198  11:56  Zergling x2  
  199  12:13  Zergling x4  
  197  12:17  Baneling  
  197  12:18  Baneling x10  
  197  12:24  Zergling x4  
  197  12:26  Baneling  
  197  12:27  Zergling x2, Baneling x3  
  197  12:28  Zergling x4  
  126  12:47  Mutalisk x21  
  157  12:54  Mutalisk x2  
  135  13:06  Mutalisk x2  
  135  13:08  Zergling x10  
  135  13:10  Zergling x4  
  135  13:11  Zergling x2  
  136  13:14  Zergling x2  
  136  13:19  Roach x2  
  139  13:21  Extractor  
  139  13:23  Extractor  
  139  13:24  Roach x2  
  141  13:27  Roach  
  141  13:28  Roach x2  
  141  13:31  Roach  
  141  13:33  Roach  
  141  13:34  Roach  
  152  13:41  Roach x2  
  154  13:50  Roach x2  
  154  13:51  Roach x2  
  158  13:57  Roach x3  
  158  13:58  Roach x2  
  161  14:05  Roach x2  
  161  14:08  Roach x2  
  165  14:15  Roach x2  
  154  14:18  Roach x2  
  152  14:26  Roach  
  152  14:30  Roach x2  
  152  14:31  Roach  
  152  14:35  Roach  
  152  14:36  Roach  
  152  14:39  Roach  
  152  14:41  Roach  
  148  14:46  Ravager  
  148  14:47  Roach x2  
  148  14:50  Roach x2  
  148  14:51  Ravager x4  
  148  14:52  Ravager  
  158  14:57  Roach  
  158  14:59  Ravager  
  159  15:00  Roach  
  159  15:06  Roach  
  158  15:08  Roach x2  
  158  15:11  Roach  
  158  15:12  Roach  
  158  15:13  Roach  
  142  15:21  Roach x2  
  129  15:34  Roach  
  129  15:35  Roach x3  

Tags
 
Add a new tag
Caveats
  • Supply blocks, unpowered buildings, or Contaminate may cause inaccurate times.
  • Supply counts are checked every 10 seconds.